 Dungeon Crawl Stone Soup version 0.26.1-11-gd32895ea62 (webtiles) character file.

Game seed: 6966885952134142464

178 H0rd4k the Insei (level 5, -1/33 HPs)
             Began as an Octopode Transmuter on May 26, 2021.
             Succumbed to a worker ant's poison
             ... on level 4 of the Dungeon.
             The game lasted 00:02:08 (3276 turns).

H0rd4k the Insei (Octopode Transmuter)              Turns: 3276, Time: 00:02:09

Health: -1/33      AC:  1    Str:  9    XL:     5   Next: 58%
Magic:  6/8        EV: 14    Int: 17    God:
Gold:   139        SH:  0    Dex: 12    Spells: 5/9 levels left

rFire    + . .     SeeInvis .     - Unarmed
rCold    + . .     Faith    .   (no shield)
rNeg     . . .     Spirit   .   (helmet restricted)
rPois    .         Reflect  .   (no amulet)
rElec    .         Harm     .   (no ring)
rCorr    .         Rampage  .   (no ring)
Will     .....                  (no ring)
Stlth    ++........             (no ring)
HPRegen  0.11/turn              (no ring)
MPRegen  0.11/turn              (no ring)
                                (no ring)
                                (no ring)

@: lethally poisoned (-1 -> -21)
A: almost no armour, stealthy swim, amphibious, 8 rings, constrict 8, tentacle
spike 1, camouflage 1, cold resistance 1, fire resistance 1, sense surroundings
1, gelatinous body 1
a: no special abilities


You were on level 4 of the Dungeon.
You visited 1 branch of the dungeon, and saw 4 of its levels.

You collected 139 gold pieces.

Inventory:

Jewellery
 m - an uncursed ring of see invisible {unknown}
Scrolls
 b - a scroll of enchant weapon {unknown}
 d - a scroll of amnesia {unknown}
 e - 5 scrolls of identify {unknown}
 f - a scroll of blinking {unknown}
 g - a scroll of fog {unknown}
 k - 2 scrolls of teleportation {unknown}
Potions
 a - a potion of flight {unknown}
 h - a potion of resistance {unknown}
 i - a potion of mutation
 j - a potion of lignification {unknown}
 l - a potion of brilliance {unknown}


   Skills:
 + Level 1.3 Fighting
 + Level 2.7 Dodging
 - Level 0.6 Stealth
 + Level 4.4 Unarmed Combat
 * Level 2.5 Spellcasting
 * Level 2.7 Transmutations
 * Level 2.1 Poison Magic


You had 5 spell levels left.
You knew the following spells:

 Your Spells              Type           Power        Failure   Level
a - Beastly Appendage     Tmut           22%          6%          1
b - Spider Form           Tmut/Pois      5%           21%         3

Your spell library contained the following spells:

 Spells                   Type           Power        Failure   Level
 Wereblood                Tmut           11%          9%          2
 Ice Form                 Ice/Tmut       6%           71%         4
 Blade Hands              Tmut           5%           86%         5


Dungeon Overview and Level Annotations

Branches:
Dungeon (4/15)
 Temple: D:4-7

Altars:
Elyvilon

Annotations:
D:4 1 runed translucent door


Innate Abilities, Weirdness & Mutations

You cannot wear most types of armour.
You are very stealthy in the water. (Stealth+)
You are amphibious.
You can wear up to eight rings at the same time.
You can use your tentacles to constrict eight enemies at once.
Your skin changes colour to match your surroundings (Stealth+).
Your rubbery body absorbs attacks. (AC +1, EV +1)
One of your tentacles bears a spike.
Your flesh is cold resistant. (rC+)
Your flesh is heat resistant. (rF+)
You passively map a small area around you.


Message History

You feel very sick.
Your transformation is almost over.
* * * LOW HITPOINT WARNING * * *
You feel sick.
* * * LOW HITPOINT WARNING * * *
You feel sick.
* * * LOW HITPOINT WARNING * * *
You feel sick.
It was a potion of mutation.
You feel extremely strange.
You feel resistant to heat.
You feel a strange attunement to the structure of the dungeons.
You feel resistant to cold.
One of your lower tentacles grows a sharp spike.
* * * LOW HITPOINT WARNING * * *
You feel sick.
It was a potion of cancellation.
Your magical effects are unravelling.
You feel magically purged.
Your transformation has ended.
You die...

...#########.....###+###
#...#........###........ ,
#......#....##>##.......
#......#...###.###......
,, ,
#......#..###+.####.....
,#......#..#>.._..A#.####
#......#..####.####...#.
..#####'##...##* ##....+.
.........@....##>##.....##
+,
..........###..###..#...##
..........#..#............
,
..........#..+............
..........#..#............
..[......†#..#............
#####.....#..########...##
, , , #.....#### #######
#...... , #.....#


There were no monsters in sight!

Vanquished Creatures
  A jelly (D:4)
  A hound (D:3)
  2 worker ants (D:4)
  3 adders
  A dart slug (D:1)
  A leopard gecko (D:3)
  4 giant cockroaches
  5 goblins
  6 hobgoblins (D:2)
  A quokka (D:2)
  6 bats
  7 frilled lizards
  5 kobolds
  5 rats
48 creatures vanquished.

Notes
Turn   | Place    | Note
-------+----------+-------------------------------------------
     0 | D:1      | H0rd4k the Octopode Transmuter began the quest for the Orb.
     0 | D:1      | Reached XP level 1. HP: 13/13 MP: 3/3
   343 | D:1      | Reached XP level 2. HP: 13/18 MP: 5/5
  1056 | D:2      | Reached XP level 3. HP: 18/23 MP: 6/6
  1060 | D:2      | Learned a level 3 spell: Spider Form
  1823 | D:2      | Reached skill level 1 in Poison Magic
  2085 | D:2      | Reached XP level 4. HP: 28/28 MP: 7/7
  2285 | D:3      | Reached skill level 4 in Unarmed Combat
  2716 | D:4      | HP: 1/28 [acid (4)]
  2727 | D:4      | Reached XP level 5. HP: 3/33 MP: 5/8
  3032 | D:4      | Found a white marble altar of Elyvilon.
  3032 | D:4      | Noticed an angel
  3033 | D:4      | Found a runed translucent door.
  3237 | D:4      | Found the +3 salamander hide armour {Flames rF++ rC--}
  3275 | D:4      | Gained mutation: Your flesh is heat resistant. (rF+)
                  | [potion of mutation]
  3275 | D:4      | Gained mutation: You passively map a small area around you.
                  | [potion of mutation]
  3275 | D:4      | Gained mutation: Your flesh is cold resistant. (rC+)
                  | [potion of mutation]
  3275 | D:4      | Gained mutation: One of your tentacles bears a spike.
                  | [potion of mutation]
  3275 | D:4      | HP: 1/33 [poisoned by a worker ant]
  3276 | D:4      | Succumbed to a worker ant's poison

Illustrated notes

Levels and vault maps discovered:
D:1:      evilmike_arrival_crescent, layout_basic, kennysheep_small_spiral,
          minmay_strange_pillars, chequers_serial_rivers_large_a,
          minmay_box_of_dots
D:2:      layout_loops_corners
D:3:      layout_rooms, gammafunk_temple_overflow_arena, minmay_between
D:4:      layout_gridville, zin_angel, lightli_sewer_entry_pipes,
          lemuel_angel_altar

Skill      XL: |  1  2  3  4  5 |
---------------+----------------+-----
Poison Magic   | 1 2 |  2.1
Unarmed Combat | 4 |  4.4
Fighting       | |  1.3
Dodging        | |  2.7
Stealth        | |  0.6
Spellcasting   | |  2.5
Transmutations | |  2.7

Action                   |  1- 3 |  4- 6 || total
-------------------------+-------+-------++-------
Melee: Unarmed           |    90 |    30 ||   120
       Tentacles         |    11 |     2 ||    13
       Constrict         |    19 |     3 ||    22
       Punch             |     1 |       ||     1
 Cast: Spider Form       |       |     4 ||     4
  Use: Potion            |       |     2 ||     2
 Stab: Sleeping          |     9 |       ||     9
Armor: Skin              |     8 |     4 ||    12
Dodge: Dodged            |    55 |    36 ||    91
